Peoria Rivermen vs Erie Otters
Created - Friday, September 1, 2023 at 06:18
Goals
|
| Peoria Rivermen |
2 |
3 |
1 |
6 |
| Erie Otters |
0 |
2 |
3 |
5 |
|
Shots
|
| Peoria Rivermen |
14 |
13 |
11 |
38 |
| Erie Otters |
1 |
20 |
15 |
36 |
|
1st period
1. Peoria Rivermen , Tyler Pitlick 1 (Oskar Sundqvist 1, Radim Zohorna 4) at 11:37
2. Peoria Rivermen , Tyler Tucker 1 (Georgii Merkulov 1, Jonathan Gruden 2) at 18:34
Penalties :
Alex-Olivier Voyer (ERO) for Fighting (Major) at 12:09, Connor Mackey (PRM) for Fighting (Major) at 12:09, Connor Mackey (PRM) for instigated a fight (Minor) at 12:09, Connor Mackey (PRM) for instigated a fight (10 Minutes Misconduct) at 12:09
2nd period
3. Erie Otters , Alex Biega 2 (Ruslan Iskhakov 2, Cam Dineen 3) at 5:24
4. Erie Otters , Alex-Olivier Voyer 1 (Paul Cotter 7, Sampo Ranta 3) at 14:56
5. Peoria Rivermen , Jakob Pelletier 2 (Jesper Froden 2, Curtis Lazar 3) at 17:45
6. Peoria Rivermen , Curtis Lazar 2 (Tyler Pitlick 4, Tyler Tucker 1) at 18:43 (PP)
7. Peoria Rivermen , Oskar Sundqvist 3 (Radim Zohorna 5) at 18:59
Penalties :
Alex-Olivier Voyer (ERO) for Holding (Minor) at 7:45, Michael Eyssimont (ERO) for Roughing (Minor) at 18:08
3rd period
8. Erie Otters , Ruslan Iskhakov 3 (Abbott Girduckis 1) at 4:51
9. Erie Otters , Sampo Ranta 6 (Cam Dineen 4, Alex-Olivier Voyer 2) at 7:16
10. Peoria Rivermen , Curtis Lazar 3 (Tyler Pitlick 5, Radim Zohorna 6) at 9:05 (PP)
11. Erie Otters , Ruslan Iskhakov 4 (Trent Frederic 4, Xavier Bernard 1) at 12:18
Penalties :
Aaron Ness (ERO) for Fighting (Major) at 0:03, Tyler Tucker (PRM) for Fighting (Major) at 0:03, Alex-Olivier Voyer (ERO) for High sticking (Minor) at 5:02, Xavier Bernard (ERO) for Boarding (Minor) at 8:04, Cam Dineen (ERO) for Hooking (Minor) at 9:59, Sampo Ranta (ERO) for Fighting (Major) at 12:27, Jalen Chatfield (PRM) for Fighting (Major) at 12:27, Sampo Ranta (ERO) for instigated a fight (Minor) at 12:27, Sampo Ranta (ERO) for instigated a fight (10 Minutes Misconduct) at 12:27
Goalie Stats
Zachary Fucale (PRM), 31 saves from 36 shots - (0.861), W, 2-2-1, 60:00 minutes
Keith Kinkaid (ERO), 32 saves from 38 shots - (0.842), L, 2-3-1, 59:06 minutes
Players Stats for Peoria Rivermen
Player Name G A P +/- PIM S H SB GA TA FO MP PP MP PK MP
------------------------------------------------------------------------------------
Connor Mackey 0 0 0 2 17 2 3 1 1 0 0/0 16:32 4:10 0:00
Curtis Lazar 2 1 3 0 0 3 0 0 0 0 10/16 16:32 5:01 1:05
Dakota Joshua 0 0 0 -1 0 2 2 1 0 0 14/24 19:26 4:22 0:54
Georgii Merkulov 0 1 1 0 0 1 1 0 0 1 3/4 12:02 0:09 0:00
Jakob Pelletier 1 0 1 1 0 3 0 0 0 0 0/0 11:01 0:09 0:00
Jalen Chatfield 0 0 0 0 5 2 0 2 0 0 0/0 22:30 4:29 0:58
Jesper Froden 0 1 1 1 0 2 2 0 0 0 0/0 11:31 0:00 0:00
Jonas Rondbjerg 0 0 0 0 0 1 1 0 0 0 0/0 10:32 0:00 0:00
Jonathan Gruden 0 1 1 0 0 3 0 0 0 0 0/0 10:32 0:00 0:00
Matthew Kessel 0 0 0 -4 0 2 2 0 0 0 0/0 16:31 0:00 0:52
Niko Mikkola 0 0 0 0 0 2 5 2 0 0 0/0 24:28 5:30 0:58
Oskar Sundqvist 1 1 2 0 0 5 2 0 1 0 2/14 12:53 0:00 0:00
Radim Zohorna 0 3 3 -1 0 1 2 0 0 0 0/0 18:03 5:01 0:00
Ryan Lomberg 0 0 0 -1 0 3 1 1 0 0 0/1 19:30 4:22 1:05
Sasha Chmelevski 0 0 0 -1 0 1 2 1 1 0 0/0 19:25 4:31 0:54
Tyler Pitlick 1 2 3 -1 0 2 3 1 1 0 0/1 18:00 5:01 0:00
Tyler Tucker 1 1 2 2 5 2 1 1 0 0 0/0 20:10 3:52 1:01
Yegor Zamula 0 0 0 -2 0 1 2 3 0 1 0/0 18:20 1:03 0:09
Players Stats for Erie Otters
Player Name G A P +/- PIM S H SB GA TA FO MP PP MP PK MP
------------------------------------------------------------------------------------
Aaron Luchuk 0 0 0 3 0 0 1 0 0 0 0/0 9:59 1:00 0:00
Aaron Ness 0 0 0 -2 5 0 0 0 0 0 0/0 12:24 0:00 0:00
Abbott Girduckis 0 1 1 -1 0 0 0 0 0 0 0/0 11:50 0:00 0:08
Adam Clendening 0 0 0 1 0 1 2 1 0 0 0/0 21:36 0:56 4:33
Alex Biega 1 0 1 1 0 2 2 0 0 0 0/0 23:06 0:56 4:33
Alex Gallant 0 0 0 3 0 0 3 0 0 0 0/0 7:24 0:00 0:00
Alex Petrovic 0 0 0 2 0 2 1 1 0 1 0/0 24:29 1:03 4:59
Alex-Olivier Voyer 1 1 2 0 9 3 0 0 0 1 3/3 13:55 0:00 0:00
Cam Dineen 0 2 2 1 2 3 1 1 0 1 0/0 22:46 1:03 4:02
Marco Rossi 0 0 0 -1 0 3 0 2 0 0 7/11 15:09 0:00 4:42
Michael Eyssimont 0 0 0 -1 2 2 2 1 0 1 2/12 19:52 0:42 4:14
Michael Milne 0 0 0 0 0 3 0 0 0 0 1/1 13:46 0:00 0:36
Paul Cotter 0 1 1 -1 0 6 5 0 0 0 14/23 19:56 1:17 4:42
Ruslan Iskhakov 2 1 3 3 0 2 0 0 0 0 0/1 9:34 0:17 0:00
Sampo Ranta 1 1 2 0 17 5 1 0 2 0 0/0 14:33 1:17 0:12
Trent Frederic 0 1 1 -1 0 3 5 0 0 0 4/9 20:08 0:42 4:30
Ty Ronning 0 0 0 -1 0 0 2 0 0 0 0/0 14:05 0:42 0:00
Xavier Bernard 0 1 1 -1 2 1 0 0 0 0 0/0 15:48 0:00 0:57
3 Stars
1 - Ruslan Iskhakov (ERO)
2 - Curtis Lazar (PRM)
3 - Tyler Pitlick (PRM)
Power Play
Peoria Rivermen - 2 on 6 Attempt(s) - 33.33%
Erie Otters - 0 on 1 Attempt(s) - 0.00%
Penalty Kill
Peoria Rivermen - 1 on 1 Attempt(s) - 100.00%
- Score 0 goal in Penalty Kill
Erie Otters - 4 on 6 Attempt(s) - 66.67%
- Score 0 goal in Penalty Kill
Team Stat
Peoria Rivermen - Hits : 29 - Faceoff Wins : 29 - Blocked Shots : 13 - Penalty Minutes : 27
Erie Otters - Hits : 25 - Faceoff Wins : 31 - Blocked Shots : 6 - Penalty Minutes : 37
Official
Referees : Evgeny Romasko and Trevor Hanson
Linesman : Kiel Murchison and Brian Murphy
Game Notes
Connor Mackey beats up Alex-Olivier Voyer at 12:09 of 1st period
Aaron Ness and Tyler Tucker fight to a draw at 0:03 of 3rd period
Sampo Ranta beats up Jalen Chatfield at 12:27 of 3rd period
Peoria Rivermen
5 vs 5 Forward
Center Left Wing Right Wing Time % Phy DF OF
1 Dakota Joshua Ryan Lomberg Sasha Chmelevski 30 1 2 2
2 Oskar Sundqvist Radim Zohorna Tyler Pitlick 30 1 2 2
3 Curtis Lazar Jakob Pelletier Jesper Froden 25 1 2 2
4 Georgii Merkulov Jonathan Gruden Jonas Rondbjerg 15 1 2 2
5 vs 5 Defense
Defense Defense Time % Phy DF OF
1 Niko Mikkola Jalen Chatfield 35 1 2 2
2 Connor Mackey Tyler Tucker 35 1 2 2
3 Yegor Zamula Matthew Kessel 30 1 2 2
4 Niko Mikkola Jalen Chatfield 0 1 2 2
PowerPlay Forward
Center Left Wing Right Wing Time % Phy DF OF
1 Dakota Joshua Ryan Lomberg Sasha Chmelevski 50 1 2 2
2 Curtis Lazar Radim Zohorna Tyler Pitlick 50 1 2 2
PowerPlay Defense
Defense Defense Time % Phy DF OF
1 Niko Mikkola Jalen Chatfield 50 1 2 2
2 Connor Mackey Tyler Tucker 50 1 2 2
Penalty Kill 4 Players Forward
Center Wing Time % Phy DF OF
1 Dakota Joshua Sasha Chmelevski 50 1 2 2
2 Curtis Lazar Ryan Lomberg 50 1 2 2
Penalty Kill 4 Players Defense
Defense Defense Time % Phy DF OF
1 Niko Mikkola Jalen Chatfield 50 1 2 2
2 Connor Mackey Tyler Tucker 50 1 2 2
Penalty Kill - 3 Players Forward
Forward Time % Phy DF OF
1 Dakota Joshua 50 1 2 2
2 Sasha Chmelevski 50 1 2 2
Penalty Kill - 3 Players Defense
Defense Defense Time % Phy DF OF
1 Niko Mikkola Jalen Chatfield 50 1 2 2
2 Connor Mackey Tyler Tucker 50 1 2 2
4 vs 4 Forward
Center Wing Time % Phy DF OF
1 Dakota Joshua Sasha Chmelevski 50 1 2 2
2 Curtis Lazar Ryan Lomberg 50 1 2 2
4 vs 4 Defense
Defense Defense Time % Phy DF OF
1 Niko Mikkola Jalen Chatfield 50 1 2 2
2 Connor Mackey Tyler Tucker 50 1 2 2
Last Minutes Offensive
Center Left Wing Right Wing Defense Defense
Dakota Joshua Ryan Lomberg Sasha Chmelevski Niko Mikkola Jalen Chatfield
Last Minutes Defensive
Center Left Wing Right Wing Defense Defense
Dakota Joshua Ryan Lomberg Sasha Chmelevski Niko Mikkola Jalen Chatfield
Goaltenders
Starting : Zachary Fucale
Backup : Unknown Goalie
Extra Forwards
Normal : Georgii Merkulov, Jakob Pelletier, Jesper Froden - PP : Georgii Merkulov, Jakob Pelletier - PK : Jesper Froden
Extra Defensemen
Normal : Yegor Zamula, Matthew Kessel, Connor Mackey - PP : Yegor Zamula - PK : Matthew Kessel, Connor Mackey
Penalty Shots
Dakota Joshua, Sasha Chmelevski, Curtis Lazar, Ryan Lomberg, Tyler Pitlick
Erie Otters
5 vs 5 Forward
Center Left Wing Right Wing Time % Phy DF OF
1 Michael Eyssimont Trent Frederic Ty Ronning 30 1 2 2
2 Paul Cotter Sampo Ranta Alex-Olivier Voyer 30 1 2 2
3 Marco Rossi Michael Milne Abbott Girduckis 25 1 2 2
4 Ruslan Iskhakov Alex Gallant Aaron Luchuk 15 1 2 2
5 vs 5 Defense
Defense Defense Time % Phy DF OF
1 Alex Petrovic Cam Dineen 35 1 2 2
2 Alex Biega Adam Clendening 35 1 2 2
3 Aaron Ness Xavier Bernard 30 1 2 2
4 Alex Petrovic Cam Dineen 0 1 2 2
PowerPlay Forward
Center Left Wing Right Wing Time % Phy DF OF
1 Michael Eyssimont Trent Frederic Ty Ronning 50 1 2 2
2 Paul Cotter Sampo Ranta Alex-Olivier Voyer 50 1 2 2
PowerPlay Defense
Defense Defense Time % Phy DF OF
1 Alex Petrovic Cam Dineen 50 1 2 2
2 Alex Biega Adam Clendening 50 1 2 2
Penalty Kill 4 Players Forward
Center Wing Time % Phy DF OF
1 Trent Frederic Michael Eyssimont 50 1 2 2
2 Paul Cotter Marco Rossi 50 1 2 2
Penalty Kill 4 Players Defense
Defense Defense Time % Phy DF OF
1 Alex Petrovic Cam Dineen 50 1 2 2
2 Alex Biega Adam Clendening 50 1 2 2
Penalty Kill - 3 Players Forward
Forward Time % Phy DF OF
1 Trent Frederic 50 1 2 2
2 Michael Eyssimont 50 1 2 2
Penalty Kill - 3 Players Defense
Defense Defense Time % Phy DF OF
1 Alex Petrovic Cam Dineen 50 1 2 2
2 Alex Biega Adam Clendening 50 1 2 2
4 vs 4 Forward
Center Wing Time % Phy DF OF
1 Trent Frederic Michael Eyssimont 50 1 2 2
2 Paul Cotter Marco Rossi 50 1 2 2
4 vs 4 Defense
Defense Defense Time % Phy DF OF
1 Alex Petrovic Cam Dineen 50 1 2 2
2 Alex Biega Adam Clendening 50 1 2 2
Last Minutes Offensive
Center Left Wing Right Wing Defense Defense
Michael Eyssimont Trent Frederic Ty Ronning Alex Petrovic Cam Dineen
Last Minutes Defensive
Center Left Wing Right Wing Defense Defense
Michael Eyssimont Trent Frederic Ty Ronning Alex Petrovic Cam Dineen
Goaltenders
Starting : Keith Kinkaid
Backup : Brad Thiessen
Extra Forwards
Normal : Aaron Luchuk, Ruslan Iskhakov, Michael Milne - PP : Aaron Luchuk, Ruslan Iskhakov - PK : Michael Milne
Extra Defensemen
Normal : Aaron Ness, Xavier Bernard, Alex Biega - PP : Aaron Ness - PK : Xavier Bernard, Alex Biega
Penalty Shots
Trent Frederic, Michael Eyssimont, Paul Cotter, Marco Rossi, Sampo Ranta
% Time on Ice - Peoria Rivermen
Lines # - Real PCT - Wanted PCT - Time Play
Normal Forward
1 - 26% - 30% - 12:20
2 - 31% - 30% - 14:47
3 - 20% - 25% - 9:42
4 - 22% - 15% - 10:32
Normal Defense
1 - 38% - 35% - 18:09
2 - 33% - 35% - 15:51
3 - 27% - 30% - 12:59
4 - 1% - 0% - 0:22
PP Forward
1 - 47% - 50% - 4:31
2 - 53% - 50% - 5:01
PP Defense
1 - 59% - 50% - 5:40
2 - 41% - 50% - 3:52
PK Forward
1 - 45% - 50% - 0:54
2 - 55% - 50% - 1:05
PK Defense
1 - 49% - 50% - 0:58
2 - 51% - 50% - 1:01
PK3 Forward
1 - 0% - 50%
2 - 0% - 50%
PK3 Defense
1 - 0% - 50%
2 - 0% - 50%
44 Forward
1 - 0% - 50%
2 - 0% - 50%
44 Defense
1 - 0% - 50%
2 - 0% - 50%
Last Minute Offensive - 0:00
Last Minute Defensive - 1:08
Total
Forward - 60:00
Defense - 60:00
|
% Time on Ice - Erie Otters
Lines # - Real PCT - Wanted PCT - Time Play
Normal Forward
1 - 28% - 30% - 13:05
2 - 35% - 30% - 16:23
3 - 22% - 25% - 10:26
4 - 16% - 15% - 7:24
Normal Defense
1 - 34% - 35% - 16:10
2 - 34% - 35% - 16:07
3 - 31% - 30% - 14:32
4 - 1% - 0% - 0:29
PP Forward
1 - 35% - 50% - 0:42
2 - 65% - 50% - 1:17
PP Defense
1 - 53% - 50% - 1:03
2 - 47% - 50% - 0:56
PK Forward
1 - 51% - 50% - 4:50
2 - 49% - 50% - 4:42
PK Defense
1 - 52% - 50% - 4:59
2 - 48% - 50% - 4:33
PK3 Forward
1 - 0% - 50%
2 - 0% - 50%
PK3 Defense
1 - 0% - 50%
2 - 0% - 50%
44 Forward
1 - 0% - 50%
2 - 0% - 50%
44 Defense
1 - 0% - 50%
2 - 0% - 50%
Last Minute Offensive - 1:11
Last Minute Defensive - 0:00
Total
Forward - 60:00
Defense - 60:00
|
Play-by-Play
1st period
0:01 of 1st period - Michael Eyssimont wins face-off versus Ryan Lomberg in neutral zone.
0:08 of 1st period - Slapshot by Michael Eyssimont.
0:08 of 1st period - Deflect By Trent Frederic.
0:08 of 1st period - Shot Hit the Post.
0:08 of 1st period - Puck is out of play.
0:09 of 1st period - Trent Frederic wins face-off versus Dakota Joshua in Peoria Rivermen zone.
0:10 of 1st period - Snap shot by Michael Eyssimont.
0:10 of 1st period - Shot Misses the Net.
1:08 of 1st period - Slapshot by Ryan Lomberg.
1:08 of 1st period - Shot Blocked by Alex Petrovic.
1:24 of 1st period - Wrist shot by Dakota Joshua.
1:24 of 1st period - Shot Misses the Net.
1:26 of 1st period - Slapshot by Niko Mikkola.
1:26 of 1st period - Shot Misses the Net.
1:28 of 1st period - Backhand shot by Ryan Lomberg.
1:28 of 1st period - Stopped by Keith Kinkaid with a rebound.
1:56 of 1st period - Slapshot by Ryan Lomberg.
1:56 of 1st period - Stopped by Keith Kinkaid with a rebound.
1:58 of 1st period - Slapshot by Niko Mikkola.
1:58 of 1st period - Stopped by Keith Kinkaid with a rebound.
2:00 of 1st period - Slapshot by Jalen Chatfield.
2:00 of 1st period - Deflect By Trent Frederic.
2:00 of 1st period - Stopped by Keith Kinkaid without a rebound.
2:01 of 1st period - Paul Cotter wins face-off versus Oskar Sundqvist in Erie Otters zone.
2:26 of 1st period - Michael Milne is hit by Connor Mackey and loses puck.
2:51 of 1st period - Wrist shot by Jakob Pelletier.
2:51 of 1st period - Shot Misses the Net.
3:57 of 1st period - Oskar Sundqvist is hit by Alex Gallant and loses puck.
4:54 of 1st period - Sampo Ranta is hit by Niko Mikkola.
5:19 of 1st period - Yegor Zamula is hit by Aaron Luchuk and loses puck.
6:40 of 1st period - Georgii Merkulov is hit by Adam Clendening and loses puck.
7:49 of 1st period - Oskar Sundqvist is hit by Paul Cotter and loses puck.
8:50 of 1st period - Alex Biega is hit by Matthew Kessel.
8:59 of 1st period - Alex Petrovic is hit by Tyler Tucker and loses puck.
9:27 of 1st period - Icing by Connor Mackey.
9:28 of 1st period - Paul Cotter wins face-off versus Georgii Merkulov in Peoria Rivermen zone.
9:29 of 1st period - Wrist shot by Sampo Ranta.
9:29 of 1st period - Deflect By Alex-Olivier Voyer.
9:29 of 1st period - Stopped by Zachary Fucale with a rebound.
9:54 of 1st period - Matthew Kessel is hit by Michael Eyssimont and loses puck.
10:13 of 1st period - Cam Dineen is hit by Niko Mikkola and loses puck.
10:27 of 1st period - Alex Biega is hit by Connor Mackey and loses puck.
10:34 of 1st period - Snap shot by Jonathan Gruden.
10:34 of 1st period - Stopped by Keith Kinkaid with a rebound.
10:40 of 1st period - Jonathan Gruden is hit by Trent Frederic and loses puck.
10:45 of 1st period - Wrist shot by Trent Frederic.
10:45 of 1st period - Shot Misses the Net.
10:47 of 1st period - Snap shot by Trent Frederic.
10:47 of 1st period - Shot Misses the Net.
10:51 of 1st period - Snap shot by Trent Frederic.
10:51 of 1st period - Shot Misses the Net.
10:53 of 1st period - Backhand shot by Xavier Bernard.
10:53 of 1st period - Shot Blocked by Yegor Zamula.
10:55 of 1st period - Slapshot by Alex Petrovic.
10:55 of 1st period - Shot Misses the Net.
11:09 of 1st period - Snap shot by Jonathan Gruden.
11:09 of 1st period - Stopped by Keith Kinkaid with a rebound.
11:17 of 1st period - Wrist shot by Georgii Merkulov.
11:17 of 1st period - Stopped by Keith Kinkaid with a rebound.
11:19 of 1st period - Snap shot by Jonathan Gruden.
11:19 of 1st period - Shot Misses the Net.
11:21 of 1st period - Slapshot by Matthew Kessel.
11:21 of 1st period - Deflect By Michael Eyssimont.
11:21 of 1st period - Stopped by Keith Kinkaid with a rebound.
11:23 of 1st period - Wrist shot by Georgii Merkulov.
11:23 of 1st period - Deflect By Jonathan Gruden.
11:23 of 1st period - Stopped by Keith Kinkaid without a rebound.
11:24 of 1st period - Paul Cotter wins face-off versus Oskar Sundqvist in Erie Otters zone.
11:35 of 1st period - Wrist shot by Oskar Sundqvist.
11:35 of 1st period - Shot Misses the Net.
11:37 of 1st period - Snap shot by Tyler Pitlick.
11:37 of 1st period - Goal by Tyler Pitlick - Peoria Rivermen : 1 - Erie Otters : 0.
11:38 of 1st period - Marco Rossi wins face-off versus Oskar Sundqvist in neutral zone.
12:09 of 1st period - Connor Mackey beats up Alex-Olivier Voyer.
12:09 of 1st period - Penalty to Alex-Olivier Voyer for Fighting.
12:09 of 1st period - Penalty to Connor Mackey for Fighting.
12:09 of 1st period - Penalty to Connor Mackey for instigated a fight.
12:09 of 1st period - Penalty to Connor Mackey for instigated a fight.
12:10 of 1st period - Paul Cotter wins face-off versus Dakota Joshua in Erie Otters zone.
12:20 of 1st period - Icing by Paul Cotter.
12:21 of 1st period - Curtis Lazar wins face-off versus Paul Cotter in Erie Otters zone.
12:36 of 1st period - Wrist shot by Curtis Lazar.
12:36 of 1st period - Stopped by Keith Kinkaid without a rebound.
12:37 of 1st period - Dakota Joshua wins face-off versus Michael Eyssimont in Erie Otters zone.
13:02 of 1st period - Alex Biega is hit by Niko Mikkola and loses puck.
13:11 of 1st period - Niko Mikkola is hit by Paul Cotter and loses puck.
14:09 of 1st period - Penalty to Connor Mackey is over, Jesper Froden is send on ice.
14:26 of 1st period - Michael Milne is hit by Tyler Pitlick and loses puck.
14:41 of 1st period - Backhand shot by Ruslan Iskhakov.
14:41 of 1st period - Shot Misses the Net.
15:00 of 1st period - Off-side.
15:01 of 1st period - Curtis Lazar wins face-off versus Michael Eyssimont in neutral zone.
15:04 of 1st period - Alex Petrovic is hit by Niko Mikkola.
15:14 of 1st period - Slapshot by Jakob Pelletier.
15:14 of 1st period - Stopped by Keith Kinkaid with a rebound.
15:32 of 1st period - Wrist shot by Ryan Lomberg.
15:32 of 1st period - Deflect By Dakota Joshua.
15:32 of 1st period - Deflect By Marco Rossi.
15:32 of 1st period - Stopped by Keith Kinkaid with a rebound.
15:53 of 1st period - Niko Mikkola is hit by Paul Cotter and loses puck.
17:23 of 1st period - Icing by Aaron Ness.
17:24 of 1st period - Georgii Merkulov wins face-off versus Michael Eyssimont in Erie Otters zone.
18:32 of 1st period - Wrist shot by Georgii Merkulov.
18:32 of 1st period - Shot Misses the Net.
18:34 of 1st period - Slapshot by Tyler Tucker.
18:34 of 1st period - Goal by Tyler Tucker - Peoria Rivermen : 2 - Erie Otters : 0.
18:35 of 1st period - Alex-Olivier Voyer wins face-off versus Dakota Joshua in neutral zone.
18:44 of 1st period - Snap shot by Sampo Ranta.
18:44 of 1st period - Shot Misses the Net.
19:29 of 1st period - Alex Biega is hit by Oskar Sundqvist and loses puck.
19:56 of 1st period - Aaron Ness is hit by Sasha Chmelevski and loses puck.
Goals for this period are 2 for Peoria Rivermen vs 0 for Erie Otters.
Shots for this period are 14 for Peoria Rivermen vs 1 for Erie Otters.
2nd period
0:01 of 2nd period - Dakota Joshua wins face-off versus Paul Cotter in neutral zone.
0:06 of 2nd period - Tyler Tucker is hit by Paul Cotter and loses puck.
0:11 of 2nd period - Slapshot by Paul Cotter.
0:11 of 2nd period - Stopped by Zachary Fucale with a rebound.
0:13 of 2nd period - Snap shot by Alex-Olivier Voyer.
0:13 of 2nd period - Shot Misses the Net.
0:15 of 2nd period - Wrist shot by Paul Cotter.
0:15 of 2nd period - Stopped by Zachary Fucale with a rebound.
1:04 of 2nd period - Snap shot by Michael Eyssimont.
1:04 of 2nd period - Deflect By Trent Frederic.
1:04 of 2nd period - Stopped by Zachary Fucale with a rebound.
1:25 of 2nd period - Off-side.
1:26 of 2nd period - Paul Cotter wins face-off versus Dakota Joshua in neutral zone.
1:48 of 2nd period - Sampo Ranta is hit by Ryan Lomberg and loses puck.
2:03 of 2nd period - Alex-Olivier Voyer is hit by Dakota Joshua.
2:14 of 2nd period - Snap shot by Sampo Ranta.
2:14 of 2nd period - Stopped by Zachary Fucale with a rebound.
2:16 of 2nd period - Wrist shot by Sampo Ranta.
2:16 of 2nd period - Shot Blocked by Dakota Joshua.
2:18 of 2nd period - Slapshot by Aaron Ness.
2:18 of 2nd period - Shot Misses the Net.
2:20 of 2nd period - Snap shot by Alex-Olivier Voyer.
2:20 of 2nd period - Shot Misses the Net.
2:22 of 2nd period - Slapshot by Xavier Bernard.
2:22 of 2nd period - Stopped by Zachary Fucale without a rebound.
2:23 of 2nd period - Curtis Lazar wins face-off versus Marco Rossi in Peoria Rivermen zone.
3:11 of 2nd period - Yegor Zamula is hit by Trent Frederic and loses puck.
3:18 of 2nd period - Wrist shot by Michael Eyssimont.
3:18 of 2nd period - Stopped by Zachary Fucale without a rebound.
3:19 of 2nd period - Marco Rossi wins face-off versus Curtis Lazar in Peoria Rivermen zone.
3:44 of 2nd period - Aaron Luchuk is hit by Oskar Sundqvist and loses puck.
4:10 of 2nd period - Tyler Tucker is hit by Paul Cotter and loses puck.
4:29 of 2nd period - Snap shot by Dakota Joshua.
4:29 of 2nd period - Stopped by Keith Kinkaid without a rebound.
4:30 of 2nd period - Marco Rossi wins face-off versus Oskar Sundqvist in Erie Otters zone.
5:16 of 2nd period - Ruslan Iskhakov is hit by Dakota Joshua.
5:22 of 2nd period - Snap shot by Ruslan Iskhakov.
5:22 of 2nd period - Shot Blocked by Ryan Lomberg.
5:24 of 2nd period - Slapshot by Alex Biega.
5:24 of 2nd period - Goal by Alex Biega - Peoria Rivermen : 2 - Erie Otters : 1.
5:25 of 2nd period - Paul Cotter wins face-off versus Oskar Sundqvist in neutral zone.
5:32 of 2nd period - Slapshot by Oskar Sundqvist.
5:32 of 2nd period - Stopped by Keith Kinkaid without a rebound.
5:33 of 2nd period - Paul Cotter wins face-off versus Oskar Sundqvist in Erie Otters zone.
6:04 of 2nd period - Wrist shot by Marco Rossi.
6:04 of 2nd period - Shot Misses the Net.
6:06 of 2nd period - Slapshot by Michael Milne.
6:06 of 2nd period - Stopped by Zachary Fucale with a rebound.
6:08 of 2nd period - Backhand shot by Marco Rossi.
6:08 of 2nd period - Stopped by Zachary Fucale with a rebound.
7:05 of 2nd period - Slapshot by Sampo Ranta.
7:05 of 2nd period - Shot Misses the Net.
7:07 of 2nd period - Slapshot by Alex-Olivier Voyer.
7:07 of 2nd period - Shot Misses the Net.
7:09 of 2nd period - 10 Minutes Misconduct Penalty to Connor Mackey is over.
7:09 of 2nd period - Slapshot by Paul Cotter.
7:09 of 2nd period - Shot Hit the Post.
7:11 of 2nd period - Backhand shot by Sampo Ranta.
7:11 of 2nd period - Deflect By Alex-Olivier Voyer.
7:11 of 2nd period - Shot Misses the Net.
7:11 of 2nd period - Puck is out of play.
7:12 of 2nd period - Marco Rossi wins face-off versus Curtis Lazar in Peoria Rivermen zone.
7:13 of 2nd period - Wrist shot by Michael Milne.
7:13 of 2nd period - Shot Misses the Net.
7:15 of 2nd period - Slapshot by Adam Clendening.
7:15 of 2nd period - Stopped by Zachary Fucale with a rebound.
7:17 of 2nd period - Snap shot by Marco Rossi.
7:17 of 2nd period - Shot Blocked by Tyler Tucker.
7:19 of 2nd period - Wrist shot by Marco Rossi.
7:19 of 2nd period - Stopped by Zachary Fucale with a rebound.
7:21 of 2nd period - Snap shot by Alex Biega.
7:21 of 2nd period - Shot Misses the Net.
7:45 of 2nd period - Minor Penalty to Alex-Olivier Voyer for Holding.
7:46 of 2nd period - Dakota Joshua wins face-off versus Trent Frederic in Erie Otters zone.
8:23 of 2nd period - Michael Eyssimont is hit by Radim Zohorna and loses puck.
8:30 of 2nd period - Wrist shot by Michael Eyssimont.
8:30 of 2nd period - Deflect By Dakota Joshua.
8:30 of 2nd period - Shot Misses the Net.
8:30 of 2nd period - Puck is out of play.
8:31 of 2nd period - Dakota Joshua wins face-off versus Trent Frederic in Peoria Rivermen zone.
8:40 of 2nd period - Slapshot by Sasha Chmelevski.
8:40 of 2nd period - Shot Blocked by Cam Dineen.
9:14 of 2nd period - Snap shot by Trent Frederic.
9:14 of 2nd period - Shot Misses the Net.
9:16 of 2nd period - Slapshot by Cam Dineen.
9:16 of 2nd period - Stopped by Zachary Fucale with a rebound.
9:45 of 2nd period - Penalty to Alex-Olivier Voyer is over, Alex-Olivier Voyer is back on ice.
9:52 of 2nd period - Sasha Chmelevski is hit by Trent Frederic.
9:57 of 2nd period - Icing by Connor Mackey.
9:58 of 2nd period - Dakota Joshua wins face-off versus Ruslan Iskhakov in Peoria Rivermen zone.
10:49 of 2nd period - Snap shot by Paul Cotter.
10:49 of 2nd period - Stopped by Zachary Fucale without a rebound.
10:50 of 2nd period - Paul Cotter wins face-off versus Oskar Sundqvist in Peoria Rivermen zone.
10:51 of 2nd period - Snap shot by Sampo Ranta.
10:51 of 2nd period - Stopped by Zachary Fucale with a rebound.
11:26 of 2nd period - Snap shot by Curtis Lazar.
11:26 of 2nd period - Shot Blocked by Adam Clendening.
11:46 of 2nd period - Ryan Lomberg is hit by Trent Frederic and loses puck.
12:16 of 2nd period - Xavier Bernard is hit by Matthew Kessel.
12:20 of 2nd period - Aaron Ness is hit by Tyler Pitlick and loses puck.
12:37 of 2nd period - Oskar Sundqvist is hit by Alex Gallant and loses puck.
13:02 of 2nd period - Slapshot by Tyler Pitlick.
13:02 of 2nd period - Shot Misses the Net.
13:04 of 2nd period - Snap shot by Radim Zohorna.
13:04 of 2nd period - Stopped by Keith Kinkaid with a rebound.
13:06 of 2nd period - Slapshot by Tyler Tucker.
13:06 of 2nd period - Stopped by Keith Kinkaid without a rebound.
13:07 of 2nd period - Curtis Lazar wins face-off versus Paul Cotter in Erie Otters zone.
13:08 of 2nd period - Slapshot by Jesper Froden.
13:08 of 2nd period - Stopped by Keith Kinkaid with a rebound.
13:10 of 2nd period - Wrist shot by Matthew Kessel.
13:10 of 2nd period - Shot Misses the Net.
13:12 of 2nd period - Wrist shot by Yegor Zamula.
13:12 of 2nd period - Deflect By Paul Cotter.
13:12 of 2nd period - Stopped by Keith Kinkaid with a rebound.
13:18 of 2nd period - Slapshot by Curtis Lazar.
13:18 of 2nd period - Shot Misses the Net.
13:20 of 2nd period - Snap shot by Jesper Froden.
13:20 of 2nd period - Shot Misses the Net.
13:34 of 2nd period - Alex Biega is hit by Yegor Zamula and loses puck.
14:03 of 2nd period - Alex Biega is hit by Sasha Chmelevski.
14:16 of 2nd period - Icing by Jalen Chatfield.
14:17 of 2nd period - Paul Cotter wins face-off versus Dakota Joshua in Peoria Rivermen zone.
14:20 of 2nd period - Wrist shot by Paul Cotter.
14:20 of 2nd period - Stopped by Zachary Fucale with a rebound.
14:22 of 2nd period - Snap shot by Paul Cotter.
14:22 of 2nd period - Stopped by Zachary Fucale with a rebound.
14:26 of 2nd period - Snap shot by Paul Cotter.
14:26 of 2nd period - Shot Blocked by Niko Mikkola.
14:28 of 2nd period - Snap shot by Cam Dineen.
14:28 of 2nd period - Stopped by Zachary Fucale with a rebound.
14:30 of 2nd period - Wrist shot by Alex-Olivier Voyer.
14:30 of 2nd period - Stopped by Zachary Fucale without a rebound.
14:31 of 2nd period - Michael Milne wins face-off versus Curtis Lazar in Peoria Rivermen zone.
14:44 of 2nd period - Slapshot by Marco Rossi.
14:44 of 2nd period - Deflect By Michael Milne.
14:44 of 2nd period - Shot Blocked by Yegor Zamula.
14:44 of 2nd period - Puck is out of play.
14:45 of 2nd period - Paul Cotter wins face-off versus Oskar Sundqvist in Peoria Rivermen zone.
14:54 of 2nd period - Snap shot by Alex-Olivier Voyer.
14:54 of 2nd period - Shot Blocked by Tyler Pitlick.
14:56 of 2nd period - Snap shot by Alex-Olivier Voyer.
14:56 of 2nd period - Goal by Alex-Olivier Voyer - Peoria Rivermen : 2 - Erie Otters : 2.
14:57 of 2nd period - Curtis Lazar wins face-off versus Michael Eyssimont in neutral zone.
15:06 of 2nd period - Adam Clendening is hit by Jesper Froden and loses puck.
15:15 of 2nd period - Matthew Kessel is hit by Ty Ronning and loses puck.
16:08 of 2nd period - Alex Gallant is hit by Jonas Rondbjerg and loses puck.
16:46 of 2nd period - Icing by Michael Eyssimont.
16:47 of 2nd period - Paul Cotter wins face-off versus Oskar Sundqvist in Erie Otters zone.
16:51 of 2nd period - Off-side.
16:52 of 2nd period - Alex-Olivier Voyer wins face-off versus Oskar Sundqvist in neutral zone.
16:59 of 2nd period - Slapshot by Sampo Ranta.
16:59 of 2nd period - Stopped by Zachary Fucale with a rebound.
17:09 of 2nd period - Tyler Tucker is hit by Sampo Ranta and loses puck.
17:20 of 2nd period - Snap shot by Oskar Sundqvist.
17:20 of 2nd period - Stopped by Keith Kinkaid without a rebound.
17:21 of 2nd period - Curtis Lazar wins face-off versus Marco Rossi in Erie Otters zone.
17:27 of 2nd period - Slapshot by Jakob Pelletier.
17:27 of 2nd period - Shot Misses the Net.
17:29 of 2nd period - Slapshot by Jalen Chatfield.
17:29 of 2nd period - Stopped by Keith Kinkaid without a rebound.
17:30 of 2nd period - Curtis Lazar wins face-off versus Marco Rossi in Erie Otters zone.
17:41 of 2nd period - Wrist shot by Curtis Lazar.
17:41 of 2nd period - Shot Misses the Net.
17:43 of 2nd period - Snap shot by Jesper Froden.
17:43 of 2nd period - Shot Blocked by Marco Rossi.
17:45 of 2nd period - Snap shot by Jakob Pelletier.
17:45 of 2nd period - Goal by Jakob Pelletier - Peoria Rivermen : 3 - Erie Otters : 2.
17:46 of 2nd period - Dakota Joshua wins face-off versus Michael Eyssimont in neutral zone.
17:46 of 2nd period - Ryan Lomberg is hit by Trent Frederic and loses puck.
18:08 of 2nd period - Minor Penalty to Michael Eyssimont for Roughing.
18:09 of 2nd period - Trent Frederic wins face-off versus Dakota Joshua in Erie Otters zone.
18:24 of 2nd period - Snap shot by Tyler Tucker.
18:24 of 2nd period - Shot Blocked by Marco Rossi.
18:34 of 2nd period - Tyler Tucker is hit by Alex Biega and loses puck.
18:43 of 2nd period - Wrist shot by Curtis Lazar.
18:43 of 2nd period - Goal by Curtis Lazar - Peoria Rivermen : 4 - Erie Otters : 2.
18:44 of 2nd period - Paul Cotter wins face-off versus Oskar Sundqvist in neutral zone.
18:59 of 2nd period - Snap shot by Oskar Sundqvist.
18:59 of 2nd period - Goal by Oskar Sundqvist - Peoria Rivermen : 5 - Erie Otters : 2.
19:00 of 2nd period - Marco Rossi wins face-off versus Dakota Joshua in neutral zone.
19:26 of 2nd period - Michael Eyssimont is hit by Radim Zohorna and loses puck.
19:31 of 2nd period - Snap shot by Tyler Pitlick.
19:31 of 2nd period - Stopped by Keith Kinkaid without a rebound.
19:32 of 2nd period - Oskar Sundqvist wins face-off versus Paul Cotter in Erie Otters zone.
19:41 of 2nd period - Wrist shot by Oskar Sundqvist.
19:41 of 2nd period - Stopped by Keith Kinkaid without a rebound.
19:42 of 2nd period - Alex-Olivier Voyer wins face-off versus Curtis Lazar in Erie Otters zone.
19:55 of 2nd period - Off-side.
19:56 of 2nd period - Oskar Sundqvist wins face-off versus Michael Eyssimont in neutral zone.
Goals for this period are 3 for Peoria Rivermen vs 2 for Erie Otters.
Shots for this period are 13 for Peoria Rivermen vs 20 for Erie Otters.
3rd period
0:01 of 3rd period - Curtis Lazar wins face-off versus Michael Eyssimont in neutral zone.
0:03 of 3rd period - Aaron Ness and Tyler Tucker fight to a draw.
0:03 of 3rd period - Penalty to Aaron Ness for Fighting.
0:03 of 3rd period - Penalty to Tyler Tucker for Fighting.
0:04 of 3rd period - Michael Eyssimont wins face-off versus Dakota Joshua in Erie Otters zone.
0:29 of 3rd period - Alex Biega is hit by Yegor Zamula and loses puck.
0:36 of 3rd period - Wrist shot by Jesper Froden.
0:36 of 3rd period - Deflect By Jakob Pelletier.
0:36 of 3rd period - Stopped by Keith Kinkaid without a rebound.
0:37 of 3rd period - Marco Rossi wins face-off versus Oskar Sundqvist in Erie Otters zone.
0:49 of 3rd period - Snap shot by Oskar Sundqvist.
0:49 of 3rd period - Stopped by Keith Kinkaid with a rebound.
0:51 of 3rd period - Slapshot by Niko Mikkola.
0:51 of 3rd period - Shot Misses the Net.
0:53 of 3rd period - Slapshot by Niko Mikkola.
0:53 of 3rd period - Stopped by Keith Kinkaid with a rebound.
1:03 of 3rd period - Niko Mikkola is hit by Cam Dineen and loses puck.
1:26 of 3rd period - Wrist shot by Trent Frederic.
1:26 of 3rd period - Stopped by Zachary Fucale with a rebound.
1:32 of 3rd period - Wrist shot by Michael Eyssimont.
1:32 of 3rd period - Shot Blocked by Jalen Chatfield.
1:34 of 3rd period - Wrist shot by Alex Biega.
1:34 of 3rd period - Shot Blocked by Jalen Chatfield.
1:36 of 3rd period - Slapshot by Alex Biega.
1:36 of 3rd period - Stopped by Zachary Fucale with a rebound.
1:46 of 3rd period - Jalen Chatfield is hit by Alex Biega and loses puck.
2:35 of 3rd period - Snap shot by Jesper Froden.
2:35 of 3rd period - Stopped by Keith Kinkaid with a rebound.
3:24 of 3rd period - Slapshot by Alex Petrovic.
3:24 of 3rd period - Stopped by Zachary Fucale without a rebound.
3:25 of 3rd period - Georgii Merkulov wins face-off versus Marco Rossi in Peoria Rivermen zone.
3:30 of 3rd period - Snap shot by Jonathan Gruden.
3:30 of 3rd period - Shot Misses the Net.
3:32 of 3rd period - Wrist shot by Jonathan Gruden.
3:32 of 3rd period - Shot Misses the Net.
3:34 of 3rd period - Snap shot by Matthew Kessel.
3:34 of 3rd period - Stopped by Keith Kinkaid with a rebound.
3:36 of 3rd period - Slapshot by Jonas Rondbjerg.
3:36 of 3rd period - Stopped by Keith Kinkaid with a rebound.
4:01 of 3rd period - Snap shot by Sampo Ranta.
4:01 of 3rd period - Deflect By Paul Cotter.
4:01 of 3rd period - Shot Blocked by Yegor Zamula.
4:01 of 3rd period - Puck is out of play.
4:02 of 3rd period - Dakota Joshua wins face-off versus Michael Eyssimont in Peoria Rivermen zone.
4:02 of 3rd period - Dakota Joshua is hit by Ty Ronning.
4:16 of 3rd period - Wrist shot by Dakota Joshua.
4:16 of 3rd period - Deflect By Sasha Chmelevski.
4:16 of 3rd period - Deflect By Ty Ronning.
4:16 of 3rd period - Stopped by Keith Kinkaid with a rebound.
4:51 of 3rd period - Snap shot by Ruslan Iskhakov.
4:51 of 3rd period - Goal by Ruslan Iskhakov - Peoria Rivermen : 5 - Erie Otters : 3.
4:52 of 3rd period - Dakota Joshua wins face-off versus Paul Cotter in neutral zone.
4:55 of 3rd period - Wrist shot by Sasha Chmelevski.
4:55 of 3rd period - Shot Misses the Net.
5:02 of 3rd period - Minor Penalty to Alex-Olivier Voyer for High sticking.
5:03 of 3rd period - Penalty to Aaron Ness is over, Aaron Ness is back on ice.
5:03 of 3rd period - Curtis Lazar wins face-off versus Trent Frederic in Erie Otters zone.
7:02 of 3rd period - Penalty to Alex-Olivier Voyer is over, Alex-Olivier Voyer is back on ice.
7:04 of 3rd period - Slapshot by Sampo Ranta.
7:04 of 3rd period - Shot Misses the Net.
7:16 of 3rd period - Wrist shot by Sampo Ranta.
7:16 of 3rd period - Goal by Sampo Ranta - Peoria Rivermen : 5 - Erie Otters : 4.
7:17 of 3rd period - Georgii Merkulov wins face-off versus Paul Cotter in neutral zone.
7:47 of 3rd period - Off-side.
7:48 of 3rd period - Marco Rossi wins face-off versus Curtis Lazar in neutral zone.
7:51 of 3rd period - Slapshot by Aaron Ness.
7:51 of 3rd period - Shot Misses the Net.
8:04 of 3rd period - Minor Penalty to Xavier Bernard for Boarding.
8:05 of 3rd period - Paul Cotter wins face-off versus Curtis Lazar in Erie Otters zone.
8:12 of 3rd period - Off-side.
8:13 of 3rd period - Trent Frederic wins face-off versus Tyler Pitlick in neutral zone.
8:39 of 3rd period - Snap shot by Marco Rossi.
8:39 of 3rd period - Stopped by Zachary Fucale with a rebound.
9:03 of 3rd period - Snap shot by Curtis Lazar.
9:03 of 3rd period - Shot Misses the Net.
9:05 of 3rd period - Snap shot by Curtis Lazar.
9:05 of 3rd period - Goal by Curtis Lazar - Peoria Rivermen : 6 - Erie Otters : 4.
9:06 of 3rd period - Dakota Joshua wins face-off versus Trent Frederic in neutral zone.
9:33 of 3rd period - Tyler Tucker is hit by Adam Clendening and loses puck.
9:40 of 3rd period - Snap shot by Sampo Ranta.
9:40 of 3rd period - Stopped by Zachary Fucale with a rebound.
9:42 of 3rd period - Wrist shot by Alex-Olivier Voyer.
9:42 of 3rd period - Shot Blocked by Connor Mackey.
9:59 of 3rd period - Minor Penalty to Cam Dineen for Hooking.
10:00 of 3rd period - Dakota Joshua wins face-off versus Paul Cotter in Erie Otters zone.
10:06 of 3rd period - Snap shot by Sasha Chmelevski.
10:06 of 3rd period - Shot Misses the Net.
10:27 of 3rd period - Icing by Radim Zohorna.
10:28 of 3rd period - Curtis Lazar wins face-off versus Paul Cotter in Peoria Rivermen zone.
10:54 of 3rd period - Icing by Sasha Chmelevski.
10:55 of 3rd period - Dakota Joshua wins face-off versus Trent Frederic in Peoria Rivermen zone.
11:28 of 3rd period - Slapshot by Paul Cotter.
11:28 of 3rd period - Stopped by Zachary Fucale without a rebound.
11:29 of 3rd period - Dakota Joshua wins face-off versus Paul Cotter in Peoria Rivermen zone.
11:29 of 3rd period - Dakota Joshua is hit by Alex Petrovic.
11:59 of 3rd period - Penalty to Cam Dineen is over, Cam Dineen is back on ice.
12:18 of 3rd period - Wrist shot by Ruslan Iskhakov.
12:18 of 3rd period - Goal by Ruslan Iskhakov - Peoria Rivermen : 6 - Erie Otters : 5.
12:19 of 3rd period - Paul Cotter wins face-off versus Dakota Joshua in neutral zone.
12:21 of 3rd period - Alex Biega is hit by Niko Mikkola and loses puck.
12:27 of 3rd period - Sampo Ranta beats up Jalen Chatfield.
12:27 of 3rd period - Penalty to Sampo Ranta for Fighting.
12:27 of 3rd period - Penalty to Jalen Chatfield for Fighting.
12:27 of 3rd period - Penalty to Sampo Ranta for instigated a fight.
12:27 of 3rd period - Penalty to Sampo Ranta for instigated a fight.
12:28 of 3rd period - Trent Frederic wins face-off versus Dakota Joshua in Peoria Rivermen zone.
12:29 of 3rd period - Snap shot by Michael Eyssimont.
12:29 of 3rd period - Shot Misses the Net.
12:39 of 3rd period - Wrist shot by Ryan Lomberg.
12:39 of 3rd period - Stopped by Keith Kinkaid with a rebound.
12:41 of 3rd period - Slapshot by Connor Mackey.
12:41 of 3rd period - Deflect By Michael Eyssimont.
12:41 of 3rd period - Stopped by Keith Kinkaid with a rebound.
12:43 of 3rd period - Slapshot by Connor Mackey.
12:43 of 3rd period - Stopped by Keith Kinkaid with a rebound.
14:24 of 3rd period - Michael Milne is hit by Georgii Merkulov.
14:27 of 3rd period - Penalty to Sampo Ranta is over, Trent Frederic is send on ice.
14:34 of 3rd period - Yegor Zamula is hit by Alex Gallant and loses puck.
15:05 of 3rd period - Michael Milne is hit by Tyler Pitlick and loses puck.
15:28 of 3rd period - Ruslan Iskhakov is hit by Jesper Froden and loses puck.
15:41 of 3rd period - Ryan Lomberg is hit by Michael Eyssimont.
18:55 of 3rd period - Michael Eyssimont is hit by Connor Mackey and loses puck.
19:00 of 3rd period - Wrist shot by Dakota Joshua.
19:00 of 3rd period - Shot Blocked by Michael Eyssimont.
19:06 of 3rd period - Erie Otters, Keith Kinkaid is pulled from the net.
19:06 of 3rd period - Snap shot by Trent Frederic.
19:06 of 3rd period - Shot Blocked by Niko Mikkola.
19:08 of 3rd period - Wrist shot by Michael Eyssimont.
19:08 of 3rd period - Shot Misses the Net.
19:14 of 3rd period - Wrist shot by Michael Eyssimont.
19:14 of 3rd period - Shot Misses the Net.
19:16 of 3rd period - Wrist shot by Cam Dineen.
19:16 of 3rd period - Deflect By Trent Frederic.
19:16 of 3rd period - Stopped by Zachary Fucale with a rebound.
19:18 of 3rd period - Snap shot by Michael Eyssimont.
19:18 of 3rd period - Deflect By Michael Milne.
19:18 of 3rd period - Stopped by Zachary Fucale with a rebound.
19:20 of 3rd period - Wrist shot by Michael Eyssimont.
19:20 of 3rd period - Shot Misses the Net.
19:22 of 3rd period - Snap shot by Cam Dineen.
19:22 of 3rd period - Stopped by Zachary Fucale with a rebound.
19:24 of 3rd period - Slapshot by Trent Frederic.
19:24 of 3rd period - Shot Misses the Net.
19:26 of 3rd period - Wrist shot by Alex Petrovic.
19:26 of 3rd period - Shot Blocked by Sasha Chmelevski.
19:28 of 3rd period - Backhand shot by Alex Petrovic.
19:28 of 3rd period - Stopped by Zachary Fucale with a rebound.
19:30 of 3rd period - Snap shot by Michael Milne.
19:30 of 3rd period - Stopped by Zachary Fucale without a rebound.
19:31 of 3rd period - Bob Jones call a timeout for Erie Otters.
19:31 of 3rd period - Dakota Joshua wins face-off versus Michael Eyssimont in Peoria Rivermen zone.
19:50 of 3rd period - Slapshot by Michael Eyssimont.
19:50 of 3rd period - Stopped by Zachary Fucale without a rebound.
19:51 of 3rd period - Dakota Joshua wins face-off versus Michael Eyssimont in Peoria Rivermen zone.
Goals for this period are 1 for Peoria Rivermen vs 3 for Erie Otters.
Shots for this period are 11 for Peoria Rivermen vs 15 for Erie Otters.
Back to the Top